 Dungeon Crawl Stone Soup version 0.31-a0-846-gb3bcc0d938 (webtiles) character file.

Game seed: 5575226710343550133

79 CowFu the Slasher (level 4, -2/38 HPs)
             Began as a Draconian Fighter on Oct 4, 2023.
             Killed from afar by a white imp (6 damage)
             ... with a puff of frost
             ... on level 3 of the Dungeon.
             The game lasted 00:02:26 (1944 turns).

CowFu the Slasher (Draconian Fighter)               Turns: 1944, Time: 00:02:27

Health: -2/38      AC:  5    Str: 18    XL:     4   Next: 16%
Magic:  0/4        EV: 12    Int:  9    God:
Gold:   118        SH:  4    Dex: 12    Spells: 3/3 levels left

rFire   . . .        a - +0 long sword
rCold   . . .        c - +0 buckler
rNeg    . . .        (body armour unavailable)
rPois   .            (helmet restricted)
rElec   .            (no cloak)
rCorr   .            (no gloves)
SInv    .            (no boots)
Will    .....        k - amulet of guardian spirit
Stlth   +            (no ring)
HPRegen 0.26/turn    (no ring)
MPRegen 0.09/turn

%: guardian spirit
@: mighty
A: AC +5, unfitting armour, cold-blooded
a: no special abilities


You were on level 3 of the Dungeon.
You visited 1 branch of the dungeon, and saw 3 of its levels.

You collected 118 gold pieces.

Inventory:

Hand Weapons
 a - a +0 long sword (weapon)
 b - a +2 dagger of speed
Armour
 c - a +0 buckler (worn)
Jewellery
 i - an amulet of the acrobat
 k - an amulet of guardian spirit (around neck)
Wands
 n - a wand of quicksilver (9)
Scrolls
 e - a scroll of identify {unknown}
 f - a scroll of fog {unknown}
 h - 3 scrolls of enchant armour {unknown}
 j - 2 scrolls of vulnerability {unknown}
 m - a scroll of fear {unknown}
 o - 2 scrolls of brand weapon {unknown}
Potions
 d - a potion of mutation {unknown}
 g - a potion of invisibility {unknown}
 l - a potion of resistance {unknown}
 p - a potion of might


   Skills:
 + Level 3.4 Fighting
 + Level 4.3 Long Blades
 + Level 2.8 Dodging
 - Level 3.0 Shields


You had 3 spell levels left.
You didn't know any spells.
Your spell library contained the following spells:

 Spells                   Type           Power      Damage    Failure   Level
 Ignite Poison            Fire/Tmut/Pois 0%         N/A       83%         3
 Sticky Flame             Conj/Fire      0%         2d3       99%         4
 Ignition                 Fire           0%         3d3       100%        8


Dungeon Overview and Level Annotations

Branches:
Dungeon (3/15)

Altars:


Innate Abilities, Weirdness & Mutations

Your plain brown scales are hard. (AC +5)
You cannot fit into any form of body armour.
You are cold-blooded and may be slowed by cold attacks.


Message History

There is an open door here.
o - 2 scrolls labelled GEXZUO KEBLARU (gained 1)
p - 2 potions of might (gained 1)
j - 2 scrolls labelled IDGHIR PUJUOR (gained 1)
An endoplasm comes into view.
A white imp comes into view.
Found a copper wand.
A white imp is nearby!
The white imp gestures at you. The puff of frost hits you!
A white imp is nearby!
The white imp laughs crazily.
The white imp gestures at you. The puff of frost hits you.
A white imp is nearby!
The endoplasm quivers.
There are monsters nearby!
The white imp hits you. The white imp freezes you.
You closely miss the white imp.
Your tail-slap misses the white imp.
The white imp gestures at you. The puff of frost hits you!
The white imp gestures at you. The puff of frost hits you.
* * * LOW HITPOINT WARNING * * *
The endoplasm jiggles.
You are too injured to fight recklessly!
You are too injured to fight recklessly!
You feel very mighty all of a sudden. The white imp hits you.
* * * LOW HITPOINT WARNING * * *
The white imp freezes you.
You feel yourself slow down.
* * * LOW HITPOINT WARNING * * *
You hit the white imp.
The white imp is moderately wounded.
You feel yourself speed up.
The white imp disappears for a moment.
The white imp closely misses you. The endoplasm barely misses you.
The white imp gestures at you. The puff of frost hits you.
You die...

.........#
#.........#.......###
.........#
####.###..#......##
.........#
###...........+
..........
##..#.........#
#######
##......?......#
##....#.........#
#...............#
##.#.#.#.......###
#....@..#.....##
#.....5.J..#....#
####........#...#
#...../...#..#
#..........#.#
#............#
######.###### ##


You could see a white imp and an endoplasm.

Vanquished Creatures
  2 adders (D:2)
  A dart slug (D:2)
  3 orcs (D:3)
  9 endoplasms
  2 giant cockroaches (D:2)
  4 goblins
  4 hobgoblins
  2 quokkas
  8 ball pythons
  4 bats
  3 frilled lizards
  5 kobolds
  4 rats
51 creatures vanquished.

Notes
Turn   | Place    | Note
-------+----------+-------------------------------------------
     0 | D:1      | CowFu the Draconian Fighter began the quest for the Orb.
     0 | D:1      | Reached XP level 1. HP: 19/19 MP: 1/1
   362 | D:1      | Reached XP level 2. HP: 17/26 MP: 2/2
   607 | D:1      | Reached skill level 3 in Long Blades
   936 | D:2      | Reached XP level 3. HP: 20/31 MP: 3/3
  1086 | D:2      | Reached skill level 4 in Long Blades
  1644 | D:3      | Reached XP level 4. HP: 34/38 MP: 4/4
  1944 | D:3      | Killed from afar by a white imp

Illustrated notes

Levels and vault maps discovered:
D:1:      dpeg_arrival_rooms_a, layout_loops_corners, minmay_misc_feat_roman
D:2:      layout_rooms
D:3:      layout_basic, hangedman_decor_opposing

Skill      XL: |  1  2  3 |
---------------+----------+-----
Long Blades    | 3 4 |  4.3
Fighting       | |  3.4
Dodging        | |  2.8
Shields        | |  3.0

Action                     |  1- 3 |  4- 6 || total
---------------------------+-------+-------++-------
  Melee: Long sword        |   114 |    19 ||   133
         Tailslap          |    12 |     5 ||    17
    Use: Potion            |       |     1 ||     1
   Stab: Sleeping          |     1 |       ||     1
 Armour: Skin              |    70 |    17 ||    87
  Dodge: Dodged            |    79 |    11 ||    90
  Block: Buckler           |    20 |     3 ||    23

Table legend: (Time is in decaauts)
 A = Elapsed time spent in this place.
 B = Non-inter-level travel time spent in this place.
 C = Inter-level travel time spent in this place.
 D = Time resting spent in this place.
 E = Time spent auto-exploring this place.
 F = Levels seen in this place.
 G = Mean time per level.
                   A        B        C        D        E       F      G
               +--------+--------+--------+--------+--------+-----+--------+
         Total |   1982 |   1960 |     22 |      0 |   1574 |   3 |  660.7 |
       Dungeon |   1982 |   1960 |     22 |      0 |   1574 |   3 |  660.7 |
               +--------+--------+--------+--------+--------+-----+--------+

Top non-repeatable levels by time:
     D:1: 925 daAuts
     D:2: 632 daAuts
     D:3: 424 daAuts
